 Dungeon Crawl Stone Soup version 0.29-a0-1047-g7c58e119a4 (webtiles) character file.

Game seed: 3615507184338497191

86 dduke234 the Slasher (level 4, 0/40 HPs)
             Began as a Draconian Monk on Aug 15, 2022.
             Was a Believer of Makhleb.
             Slain by a jackal (1 damage)
             ... on level 3 of the Dungeon on Aug 16, 2022.
             The game lasted 00:05:21 (1961 turns).

dduke234 the Slasher (Draconian Monk)               Turns: 1961, Time: 00:05:22

Health: 0/40       AC:  5    Str: 13    XL:     4   Next: 27%
Magic:  4/4        EV: 13    Int: 10    God:    Makhleb [**....]
Gold:   110        SH:  0    Dex: 16    Spells: 3/3 levels left

rFire   . . .      SeeInvis .   a - +0 falchion
rCold   . . .      Faith    .   (no shield)
rNeg    . . .      Spirit   .   (body armour unavailable)
rPois   .          Reflect  .   (helmet restricted)
rElec   .          Harm     .   (no cloak)
rCorr   .          Rampage  .   (no gloves)
Will    .....                   (no boots)
Stlth   +++.......              (no amulet)
HPRegen 0.13/turn               (no ring)
MPRegen 0.09/turn               (no ring)

@: no status effects
A: AC +5, unfitting armour, cold-blooded
a: Renounce Religion, Minor Destruction


You were on level 3 of the Dungeon.
You worshipped Makhleb.
Makhleb was pleased with you.
You visited 1 branch of the dungeon, and saw 3 of its levels.

You collected 110 gold pieces.

Inventory:

Hand Weapons
 a - a +0 falchion (weapon)
Scrolls
 e - a scroll of teleportation
 f - a scroll of identify
Potions
 b - a potion of ambrosia
 d - a potion of flight


   Skills:
 * Level 3.7 Fighting
 * Level 7.4 Long Blades
 - Level 2.6 Dodging
 * Level 6.7 Stealth


You had 3 spell levels left.
You didn't know any spells.
Your spell library was empty.

Dungeon Overview and Level Annotations

Branches:
Dungeon (3/15)

Altars:
Makhleb
Uskayaw

Annotations:
D:3 Sigmund


Innate Abilities, Weirdness & Mutations

Your plain brown scales are hard. (AC +5)
You cannot fit into any form of body armour.
You are cold-blooded and may be slowed by cold attacks.


Message History

The goblin closely misses you. The orc hits you but does no damage.
Something hits you.
* * * LOW HITPOINT WARNING * * *
The jackal misses you.
The jackal bites you but does no damage.
Things that are here:
a +0 hand axe; 16 gold pieces You closely miss the goblin.
The jackal closely misses you. The jackal bites you.
* * * LOW HITPOINT WARNING * * *
The orc barely misses you. The goblin closely misses you.
Something barely misses you. The goblin hits you with a +0 club.
* * * LOW HITPOINT WARNING * * *
The orc hits you but does no damage. The bat hits you but does no damage.
You miss something. Your punch misses something.
The bat hits you but does no damage. The orc closely misses you.
The goblin barely misses you. Something hits you.
* * * LOW HITPOINT WARNING * * *
You closely miss something. The bat misses you. The bat closely misses you. x2
The jackal barely misses you. The goblin closely misses you.
The orc closely misses you.
You miss something. The bat hits you but does no damage.
You hear some strange, mumbled words.
Something tries to affect you, but you resist.
The jackal closely misses you. x2; The bat completely misses you.
The goblin closely misses you. The orc closely misses you.
You miss something. The bat closely misses you. The jackal barely misses you.
The bat hits you.
* * * LOW HITPOINT WARNING * * *
The jackal closely misses you. The jackal barely misses you.
Something hits you but does no damage. The jackal closely misses you.
The goblin hits you with a +0 club.
* * * LOW HITPOINT WARNING * * *
The orc barely misses you.
You hit the bat.
The bat is moderately wounded.
The bat hits you.
* * * LOW HITPOINT WARNING * * *
The jackal bites you.
You die...

.... ...... ..... .....
..... .... .....## ...
........... ≈≈≈≈§≈≈.#.#
# .§....§.bh####.#
≈≈≈≈≈.≈h@{......
≈_§.≈.≈ohg......
≈≈§.§§§§o.......
.§..≈§..).......
......§§≈≈≈§≈≈≈.........
......§.≈.....§.........
......≈.≈.§≈≈.≈.........
.....§§§≈.._≈.≈.........
......§.≈≈≈§≈.≈.###.#...


You could see 2 orcs, 3 jackals, a goblin and a bat.

Vanquished Creatures
  A worm (D:2)
  A dart slug (D:1)
  2 orcs (D:3)
  3 bats
  3 endoplasms (D:2)
  2 giant cockroaches
  5 goblins
  7 hobgoblins
  6 kobolds
  A quokka (D:2)
  5 ball pythons
  2 frilled lizards
  2 rats
40 creatures vanquished.

Vanquished Creatures (others)
  An orc wizard (D:3)
  An orc (D:3)
2 creatures vanquished.

Grand Total: 42 creatures vanquished

Notes
Turn   | Place    | Note
-------+----------+-------------------------------------------
     0 | D:1      | dduke234 the Draconian Monk began the quest for the Orb.
     0 | D:1      | Reached XP level 1. HP: 19/19 MP: 1/1
   251 | D:1      | Reached XP level 2. HP: 26/26 MP: 2/2
   417 | D:1      | Reached skill level 7 in Long Blades
   417 | D:1      | Reached XP level 3. HP: 31/31 MP: 3/3
  1553 | D:2      | Found a faded altar of an unknown god.
  1561 | D:2      | Prayed at the altar of an unknown god.
  1561 | D:2      | Became a worshipper of Makhleb the Destroyer
  1561 | D:2      | Reached * piety under Makhleb
  1561 | D:2      | Reached ** piety under Makhleb
  1580 | D:2      | Reached XP level 4. HP: 40/40 MP: 4/4
  1794 | D:2      | Reached *** piety under Makhleb
  1906 | D:2      | Upgraded the game from 0.29-a0-1043-g569b05d6ff to
                  | 0.29-a0-1047-g7c58e119a4
  1911 | D:3      | Found a hide-covered altar of Uskayaw.
  1926 | D:3      | Found a burning altar of Makhleb.
  1933 | D:3      | Noticed Sigmund
  1960 | D:3      | HP: 2/40 [goblin/+0 club (3)]
  1961 | D:3      | Slain by a jackal

Illustrated notes

Levels and vault maps discovered:
D:1:      dpeg_arrival_three_smaller_balls, layout_rooms, minmay_misc_feat_chi,
          hangedman_decor_lopped, grunt_decor_junction,
          kennysheep_decorative_pillar
D:2:      layout_basic, hellmonk_ecumenical_altar_blasted, minmay_tetromino_t4
D:3:      layout_basic, mainiacjoe_overflow_catwalk_spiral, serial_shops,
          nicolae_square_shop, minmay_misc_feat_enclosed, uniq_sigmund,
          uniq_ijyb, uniq_terence

Skill      XL: |  1  2 |
---------------+-------+-----
Long Blades    | 7 |  7.4
Stealth        | 6 |  6.7
Fighting       | |  3.7
Dodging        | |  2.6

Action                   |  1- 3 |  4- 6 || total
-------------------------+-------+-------++-------
Melee: Falchion          |    99 |    38 ||   137
       Tailslap          |     6 |     4 ||    10
       Punch             |     1 |       ||     1
  Use: Scroll            |     4 |       ||     4
       Potion            |     2 |     1 ||     3
 Stab: Sleeping          |     8 |     1 ||     9
Armor: Skin              |    32 |    32 ||    64
Dodge: Dodged            |    80 |    78 ||   158

Table legend: (Time is in decaauts)
 A = Elapsed time spent in this place.
 B = Non-inter-level travel time spent in this place.
 C = Inter-level travel time spent in this place.
 D = Time resting spent in this place.
 E = Time spent auto-exploring this place.
 F = Levels seen in this place.
 G = Mean time per level.
                   A        B        C        D        E       F      G
               +--------+--------+--------+--------+--------+-----+--------+
         Total |   1956 |   1953 |      3 |      0 |   1470 |   3 |  652.0 |
       Dungeon |   1956 |   1953 |      3 |      0 |   1470 |   3 |  652.0 |
               +--------+--------+--------+--------+--------+-----+--------+

Top non-repeatable levels by time:
     D:2: 1063 daAuts
     D:1: 844 daAuts
     D:3: 47 daAuts
